 Seeded DCSS version 0.30-a0-739-gea05faddec (webtiles) character file.

Game seed: 5430720872467839093 (custom seed)

1124 purpskrrrp the Missionary (level 8, 0/73 HPs)
             Began as a Hill Orc Monk on Feb 5, 2023.
             Was a Priest of Beogh.
             Slain by a two-headed ogre
             ... wielding a +0 giant spiked club
              (12 damage)
             ... on level 5 of the Dungeon.
             The game lasted 00:07:40 (4646 turns).

purpskrrrp the Missionary (Hill Orc Monk)           Turns: 4646, Time: 00:07:41

Health: 0/73       AC:  7    Str: 22    XL:     8   Next: 35%
Magic:  0/13       EV: 14    Int: 16    God:    Beogh [***...]
Gold:   879        SH:  0    Dex: 16    Spells: 7/7 levels left

rFire   + . .      SeeInvis .    a - +0 hand axe (flame)
rCold   . . .      Faith    .    (no shield)
rNeg    . . .      Spirit   .    y - +2 robe of Binutifa {rPois Dex+5}
rPois   +          Reflect  .    (no helmet)
rElec   +          Harm     .    (no cloak)
rCorr   .          Rampage  .    c - +2 pair of gloves {infuse}
Will    +++..                    (no boots)
Stlth   ++                       (no amulet)
HPRegen 0.32/turn                l - +6 ring of strength
MPRegen 0.13/turn                j - ring "Qoptokku" {rElec rF+ Will+++ Int+6 Dex-2}

@: studying Fighting
A: no striking features
a: Renounce Religion, Smiting


You were on level 5 of the Dungeon.
You worshipped Beogh.
Beogh was most pleased with you.
You visited 1 branch of the dungeon, and saw 5 of its levels.

You collected 879 gold pieces.

Inventory:

Hand Weapons
 a - a +0 hand axe of flaming (weapon)
Missiles
 e - a throwing net (quivered)
Armour
 b - a +0 robe
 c - a +2 pair of gloves of infusion (worn)
 y - the +2 robe of Binutifa (worn) {rPois Dex+5}
   (You found it on level 3 of the Dungeon)

   Dex:       It affects your dexterity (+5).
   rPois:     It protects you from poison.
Jewellery
 j - the ring "Qoptokku" (right hand) {rElec rF+ Will+++ Int+6 Dex-2}
   (You acquired it on level 2 of the Dungeon)

   [ring of intelligence]

   Int:       It affects your intelligence (+6).
   Dex:       It affects your dexterity (-2).
   rF:        It protects you from fire.
   rElec:     It insulates you from electricity.
   Will:      It greatly increases your willpower.
 l - a +6 ring of strength (left hand)
 q - a ring of protection from cold
 C - a ring of positive energy
Wands
 r - a wand of mindburst (22)
 z - a wand of roots (5)
Scrolls
 f - 2 scrolls of amnesia
 h - 2 scrolls of noise {unknown}
 k - 4 scrolls of teleportation {unknown}
 n - 2 scrolls of enchant armour {unknown}
 o - a scroll of fog {unknown}
 p - a scroll of immolation {unknown}
 u - a scroll of magic mapping {unknown}
 v - a scroll of poison {unknown}
 w - 3 scrolls of identify
 x - a scroll of silence {unknown}
 A - a scroll of blinking {unknown}
 B - a scroll of butterflies {unknown}
Potions
 d - a potion of mutation
 g - 2 potions of berserk rage {unknown}
 i - 3 potions of attraction {unknown}
 m - 2 potions of lignification {unknown}
 s - a potion of ambrosia
 t - a potion of degeneration {unknown}
 D - a potion of magic {unknown}


   Skills:
 + Level 7.2 Fighting
 + Level 7.0 Axes
 + Level 4.4 Dodging
 - Level 1.5 Stealth
 * Level 7.3 Invocations


You had 7 spell levels left.
You didn't know any spells.
Your spell library contained the following spells:

 Spells                   Type           Power      Damage    Failure   Level
 Static Discharge         Conj/Air       0%         2-2/arc   36%         2
 Vhi's Electric Charge    Tloc/Air       0%         N/A       58%         3
 Arcjolt                  Conj/Air       0%         1d10      100%        5
 Lightning Bolt           Conj/Air       0%         1d11      100%        5


Dungeon Overview and Level Annotations

Branches:
Dungeon (5/15)             Temple (0/1) D:4

Altars:
Okawaru

Shops:
D:2 ?


Message History

You completely miss the hound. The hound bites you but does no damage.
The two-headed ogre closely misses you. The two-headed ogre misses you.
The scorpion closely misses you.
You hit the scorpion. You burn the scorpion.
You kill the scorpion!
Beogh accepts your kill.
You closely miss the hound. You hit the two-headed ogre.
You burn the two-headed ogre. The hound bites you but does no damage.
The hound closely misses you.
The two-headed ogre hits you with a +0 giant spiked club!!
The two-headed ogre completely misses you.
You are too injured to fight recklessly!
You are too injured to fight recklessly!
You are too injured to fight recklessly!
You are too injured to fight recklessly!
You are too injured to fight recklessly!
You are too injured to fight recklessly!
You are too injured to fight recklessly!
You are too injured to fight recklessly!
You are too injured to fight recklessly!
You are too injured to fight recklessly!
You are too injured to fight recklessly!
You are too injured to fight recklessly!
You slash the two-headed ogre! You burn the two-headed ogre.
The two-headed ogre is severely wounded.
You completely miss the hound. The hound barely misses you.
Okay, then.
You hit the two-headed ogre. You burn the two-headed ogre.
The two-headed ogre is severely wounded.
You hit the hound. You burn the hound. The hound bites you but does no damage.
The two-headed ogre completely misses you.
The two-headed ogre hits you with a +0 giant club!
* * * LOW HITPOINT WARNING * * *
The hound closely misses you.
You slash the two-headed ogre! You burn the two-headed ogre.
The two-headed ogre is almost dead.
You hit the hound but do no damage. The hound misses you.
The two-headed ogre misses you.
The two-headed ogre hits you with a +0 giant club!
You die...

#. ......# #.# .
.........# #.# ...
#........# ...
####..###.#......# ...
.................#
..#.....................
..#.#.......#.#hO....#
..#...........#.@†#..#
............!.#......#
.##.#..................#
.##.#.#######.#.........
....#.#######.#.........
###.....................
......###............#.#
##...####.###†.......#.#
.....+..#.......###.##.#


You could see a two-headed ogre and a hound.

Vanquished Creatures
  The ghost of purpskrrrp the Cleaver, a novice HOMo of Beogh (D:4)
  An ice beast (D:5)
  Blork the orc (D:4)
  A bullfrog (D:4)
  2 scorpions
  A necrophage (D:2)
  An orc priest (D:4)
  2 iguanas
  3 orc wizards (D:4)
  9 gnolls
  7 adders
  A white imp (D:4)
  An ufetubus (D:5)
  3 worms (D:4)
  A dart slug (D:4)
  2 orcs (D:4)
  3 bats
  7 endoplasms
  3 giant cockroaches
  7 hobgoblins
  7 jackals
  6 kobolds
  5 quokkas
  8 ball pythons
  2 frilled lizards
  4 goblins
  3 rats
92 creatures vanquished.

Vanquished Creatures (others)
  An endoplasm (D:3)
1 creature vanquished.

Grand Total: 93 creatures vanquished

Notes
Turn   | Place    | Note
-------+----------+-------------------------------------------
     0 | D:1      | purpskrrrp the Hill Orc Monk began the quest for the Orb.
     0 | D:1      | Reached XP level 1. HP: 19/19 MP: 1/1
    92 | D:1      | Reached XP level 2. HP: 19/27 MP: 2/2
   143 | D:1      | Reached skill level 1 in Invocations
   916 | D:1      | Reached XP level 3. HP: 27/33 MP: 4/4
  1308 | D:2      | Noticed a necrophage
  1318 | D:2      | Killed a necrophage
  1319 | D:2      | Reached XP level 4. HP: 27/41 MP: 5/5
  1468 | D:2      | Reached skill level 5 in Axes
  1477 | D:2      | Reached XP level 5. HP: 37/47 MP: 5/7
  1480 | D:2      | HP: 2/47 [gnoll/+0 flail (11)]
  1624 | D:2      | Found Doddoiw's Magic Scroll Shoppe.
  1713 | D:2      | Identified 4 scrolls of acquirement
  1713 | D:2      | Acquired 311 gold pieces
  1714 | D:2      | Acquired the ring "Qoptokku" {rElec rF+ Will+++ Int+6
                  | Dex-2}
  1715 | D:2      | Acquired 404 gold pieces
  1716 | D:2      | Acquired a +2 pair of gloves of infusion
  1732 | D:3      | Became a worshipper of Beogh the Brigand
  1732 | D:3      | Reached * piety under Beogh
  1732 | D:3      | Reached ** piety under Beogh
  1764 | D:3      | Identified the +3 short sword of the Manifold Quests
                  | {flame, rElec Int+5}
  2531 | D:3      | Found a faded altar of an unknown god.
  2698 | D:3      | Identified the +2 robe of Binutifa {rPois Dex+5}
  2719 | D:3      | Found an iron altar of Okawaru.
  2933 | D:4      | Reached XP level 6. HP: 55/55 MP: 2/8
  2993 | D:4      | Reached skill level 5 in Fighting
  3299 | D:4      | Found a runed translucent door.
  3303 | D:4      | Noticed purpskrrrp's ghost (novice HOMo)
  3309 | D:4      | Found a staircase to the Ecumenical Temple.
  3700 | D:4      | Noticed Blork the orc
  3712 | D:4      | Killed Blork the orc
  3713 | D:4      | Reached skill level 5 in Invocations
  3713 | D:4      | Reached XP level 7. HP: 32/61 MP: 3/10
  3871 | D:4      | Reached *** piety under Beogh
  4248 | D:4      | Killed purpskrrrp's ghost
  4249 | D:4      | Reached XP level 8. HP: 19/71 MP: 0/13
  4470 | D:5      | Entered Level 5 of the Dungeon
  4632 | D:5      | Noticed a two-headed ogre
  4646 | D:5      | Slain by a two-headed ogre

Illustrated notes

Levels and vault maps discovered:
D:1:      dpeg_arrival_boxes_within_box, layout_basic
D:2:      layout_loops_ring, serial_shops, shop, nicolae_kite_square_tiling_tiny
D:3:      layout_rooms, okawaru_metal_pillars_3, ebering_ecumenical_altar_rust
D:4:      layout_basic, minmay_temple_entry_overgrown, ebering_ghost_sewer_d,
          minmay_manual_monstrance, uniq_blork_the_orc
D:5:      layout_basic, uniq_duvessa

Skill      XL: |  1  2  3  4  5  6  7  8 |
---------------+-------------------------+-----
Invocations    | 1 2 3 5 6 7 |  7.3
Fighting       | 4 5 6 7 |  7.2
Dodging        | 3 4 |  4.4
Axes           | 5 6 7 |  7.0
Stealth        | |  1.5

Action                     |  1- 3 |  4- 6 |  7- 9 || total
---------------------------+-------+-------+-------++-------
  Melee: Hand axe          |    98 |   126 |    77 ||   301
         Punch             |       |       |     2 ||     2
 Invoke: Convert to Beogh  |       |     1 |       ||     1
    Use: Scroll            |     1 |     7 |       ||     8
         Potion            |       |     3 |     1 ||     4
   Stab: Sleeping          |     4 |     3 |       ||     7
 Armour: Robe              |    12 |    39 |    16 ||    67
  Dodge: Dodged            |    73 |    70 |    57 ||   200

Table legend: (Time is in decaauts)
 A = Elapsed time spent in this place.
 B = Non-inter-level travel time spent in this place.
 C = Inter-level travel time spent in this place.
 D = Time resting spent in this place.
 E = Time spent auto-exploring this place.
 F = Levels seen in this place.
 G = Mean time per level.
                   A        B        C        D        E       F      G
               +--------+--------+--------+--------+--------+-----+--------+
         Total |   4662 |   4463 |    199 |    449 |   3313 |   5 |  932.4 |
       Dungeon |   4662 |   4463 |    199 |    449 |   3313 |   5 |  932.4 |
               +--------+--------+--------+--------+--------+-----+--------+

Top non-repeatable levels by time:
     D:4: 1658 daAuts
     D:1: 1057 daAuts
     D:2: 989 daAuts
     D:3: 781 daAuts
     D:5: 174 daAuts
